 Dungeon Crawl Stone Soup version 0.31-a0-833-gc15d34cb79 (webtiles) character file.

Game seed: 10431212795587920416

2758 Kurtz the Cleaver (level 9, -1/58 HPs)
             Began as an Octopode Fighter on Sept 25, 2023.
             Was a Believer of Makhleb.
             Slain by a sky beast (6 damage)
             ... on level 7 of the Dungeon.
             The game lasted 00:11:17 (5831 turns).

Kurtz the Cleaver (Octopode Fighter)                Turns: 5831, Time: 00:11:18

Health: -1/58      AC:  1    Str: 17    XL:     9   Next: 69%
Magic:  11/11      EV: 11    Int: 11    God:    Makhleb [**....]
Gold:   303        SH: 29    Dex: 16    Spells: 8/8 levels left

rFire   . . .        a - +0 war axe
rCold   . . .        i - +8 tower shield of Bellicose Freedom {rPois rCorr Dex+3}
rNeg    . . .        (helmet restricted)
rPois   +            k - amulet of reflection
rElec   .            (no ring)
rCorr   +            (no ring)
SInv    .            (no ring)
Will    .....        (no ring)
Stlth   ++           (no ring)
HPRegen 0.29/turn    (no ring)
MPRegen 0.12/turn    (no ring)
                     (no ring)

%: reflection
@: no status effects
A: almost no armour, amphibious, 8 rings, camouflage 1, gelatinous body 1,
(nimble swimmer 1), tentacles
a: Renounce Religion, Minor Destruction


You were on level 7 of the Dungeon.
You worshipped Makhleb.
Makhleb was pleased with you.
You visited 2 branches of the dungeon, and saw 8 of its levels.

You collected 303 gold pieces.

Inventory:

Hand Weapons
 a - a +0 war axe (weapon)
Missiles
 d - 5 javelins
 q - 6 poisoned darts
 r - 4 curare-tipped darts
Armour
 b - a +0 buckler
 i - the +8 tower shield of Bellicose Freedom (worn) {rPois rCorr Dex+3}
   (You found it on level 2 of the Dungeon)

   Dex+3:     It affects your dexterity (+3).
   rPois:     It protects you from poison rCorr: It protects you from acid and
   corrosion.
Jewellery
 g - a ring of wizardry
 k - an amulet of reflection (around mantle)
Wands
 h - a wand of digging (5)
 s - a wand of iceblast (7) (quivered)
 v - a wand of mindburst (39)
Scrolls
 c - a scroll of identify
 e - 2 scrolls of silence {unknown}
 j - a scroll of teleportation {unknown}
 l - a scroll of amnesia {unknown}
 o - 2 scrolls of enchant armour {unknown}
 u - 4 scrolls of fog {unknown}
 w - a scroll of fear {unknown}
Potions
 p - a potion of invisibility
 t - a potion of lignification
 x - a potion of berserk rage


   Skills:
 + Level 3.9 Fighting
 * Level 9.6 Axes
 - Level 3.0 Dodging
 * Level 8.4 Shields
 * Level 3.7 Invocations


You had 8 spell levels left.
You didn't know any spells.
Your spell library contained the following spells:

 Spells                   Type           Power      Damage    Failure   Level
 Shock                    Conj/Air       0%         1d3       91%         1
 Blink                    Tloc           0%         N/A       97%         2
 Lesser Beckoning         Tloc           0%         N/A       97%         2
 Momentum Strike          Conj/Tloc      0%         3d8       97%         2
 Dazzling Flash           Conj/Hex       0%         N/A       100%        3
 Swiftness                Air            0%         N/A       100%        3
 Airstrike                Air            0%         2d(0-16)  100%        4
 Brom's Barrelling Bould  Conj/Erth      0%         2d3       100%        4
 Agony                    Necr           0%         N/A       100%        5
 Fireball                 Conj/Fire      0%         3d3       100%        5
 Iskenderun's Battlesphe  Conj           0%         2d6       100%        5
 Silence                  Hex/Air        0%         N/A       100%        5
 Conjure Ball Lightning   Conj/Air       0%         3x3d6     100%        6
 Orb of Destruction       Conj           0%         9d5       100%        7


Dungeon Overview and Level Annotations

Branches:
Dungeon (7/15)             Temple (1/1) D:4

Altars:
Cheibriados
Dithmenos
Elyvilon
Fedhas
Gozag
Hepliaklqana
Kikubaaqudgha
Makhleb
Nemelex Xobeh
Okawaru
Ru
Sif Muna
Trog
Vehumet
Wu Jian
Xom
Yredelemnul
Zin

Shops:
D:4 =   D:6 [

Annotations:
D:6 Dowan, Duvessa


Innate Abilities, Weirdness & Mutations

You cannot wear most types of armour.
You are amphibious.
You can wear up to eight rings at the same time.
Your skin changes colour to match your surroundings (Stealth+).
Your rubbery body absorbs attacks. (AC +1, EV +1)
((You are camouflaged when in or above water. (Stealth+)))
You have tentacles for arms and can constrict up to eight enemies at once.


Message History

The phantom misses you.
You closely miss the phantom.
The phantom is severely damaged.
The gnoll sergeant closely misses you. You block the phantom's attack.
You slash the phantom!
You destroy the phantom!
Makhleb accepts your kill.
You feel better. You block the gnoll sergeant's attack.
A sky beast appears from thin air!
Reactivating autopickup.
The sky beast hits you. The sky beast shocks you.
The gnoll sergeant hits you from afar with a +0 trident!
A sky beast is nearby!
You hit the sky beast but do no damage. You block the sky beast's attack.
You slash the sky beast! Your squeeze misses the sky beast.
The sky beast is moderately wounded.
You block the sky beast's attack.
You miss the sky beast. Your squeeze misses the sky beast.
The sky beast is moderately wounded.
You block the sky beast's attack. x2
You slash the sky beast!
The sky beast is heavily wounded.
The sky beast flickers out of sight!
Deactivating autopickup; reactivate with Ctrl-A.
Something hits you but does no damage.
You completely miss something. Your squeeze misses something.
Something hits you. Something shocks you.
You miss something. Something hits you. Something shocks you.
You slash something! Something hits you.
* * * LOW HITPOINT WARNING * * *
Something shocks you.
* * * LOW HITPOINT WARNING * * *
Something hits you.
* * * LOW HITPOINT WARNING * * *
Something shocks you.
* * * LOW HITPOINT WARNING * * *
You feel better. Something hits you.
* * * LOW HITPOINT WARNING * * *
Something shocks you.
You die...

##.....###...###......# ##....
##................###..##
##... #..######.......###
##..# ##... ..## ####...##
#..# #...#
#################### ##.##
##..## ...........# #..#
#..###..### ..........####..#
#..##...###
...........#{#.######.........
..⌠....).og§#@#...###.........
..........o#.#.##..##......###
..........####..##............
...........# #..##............
#################.............
#...####.........#........
###.............##...##...
##......##..#####..####.
#).#####...## ##..# ##


There were no monsters in sight!

Vanquished Creatures
  Sigmund (D:3)
  2 black bears (D:5)
  3 sky beasts
  2 ice beasts (D:6)
  A centaur (D:5)
  2 ogres
  4 phantoms
  2 bullfrogs (D:7)
  A gnoll sergeant (D:6)
  4 scorpions
  A jelly (D:7)
  3 orc priests
  4 hounds
  2 gnoll boudas
  An iguana (D:6)
  Natasha (thrice) (D:3)
  11 orc wizards
  15 gnolls
  6 adders
  A white imp (D:6)
  An ufetubus (D:4)
  A worm (D:3)
  19 orcs
  2 bats
  11 endoplasms
  3 giant cockroaches
  3 goblins
  7 hobgoblins
  4 jackals (D:3)
  7 kobolds
  A quokka (D:2)
  6 ball pythons
  3 frilled lizards
  4 rats
141 creatures vanquished.

Vanquished Creatures (others)
  An orc wizard (D:7)
1 creature vanquished.

Grand Total: 142 creatures vanquished

Notes
Turn   | Place    | Note
-------+----------+-------------------------------------------
     0 | D:1      | Kurtz the Octopode Fighter began the quest for the Orb.
     0 | D:1      | Reached XP level 1. HP: 16/16 MP: 1/1
   186 | D:1      | Reached XP level 2. HP: 14/21 MP: 2/2
   367 | D:1      | Reached skill level 3 in Axes
   828 | D:2      | Identified the +8 tower shield of Bellicose Freedom {rPois
                  | rCorr Dex+3}
   910 | D:2      | Reached XP level 3. HP: 19/26 MP: 3/3
  1194 | D:2      | Found a faded altar of an unknown god.
  1408 | D:3      | Found a hazy altar of Hepliaklqana.
  1409 | D:3      | Found a sacrificial altar of Ru.
  1458 | D:3      | Noticed Natasha
  1462 | D:3      | Killed Natasha
  1463 | D:3      | Reached skill level 4 in Axes
  1463 | D:3      | Reached XP level 4. HP: 21/31 MP: 4/4
  1548 | D:3      | Noticed Natasha
  1553 | D:3      | Killed Natasha
  1554 | D:3      | Reached XP level 5. HP: 36/36 MP: 5/5
  1851 | D:3      | Noticed Sigmund
  1856 | D:3      | Killed Sigmund
  1857 | D:3      | Reached skill level 6 in Axes
  1857 | D:3      | Reached XP level 6. HP: 42/42 MP: 6/6
  1982 | D:3      | Noticed Natasha
  1988 | D:3      | Killed Natasha
  2277 | D:4      | Found a shadowy altar of Dithmenos.
  2285 | D:4      | Found a staircase to the Ecumenical Temple.
  2295 | Temple   | Entered the Ecumenical Temple
  2318 | Temple   | Became a worshipper of Makhleb the Destroyer
  2498 | D:4      | Reached XP level 7. HP: 46/46 MP: 7/7
  2535 | D:4      | Found Woenn's Jewellery Boutique.
  2864 | D:5      | Entered Level 5 of the Dungeon
  2878 | D:5      | Reached skill level 7 in Axes
  2878 | D:5      | Reached skill level 1 in Invocations
  2929 | D:5      | Reached skill level 5 in Shields
  3310 | D:5      | Reached XP level 8. HP: 46/52 MP: 9/9
  3615 | D:5      | Found an iron altar of Okawaru.
  3770 | D:6      | Reached * piety under Makhleb
  3834 | D:6      | Noticed Duvessa
  3834 | D:6      | Noticed Dowan
  3856 | D:6      | Reached skill level 8 in Axes
  3916 | D:6      | Found Penimin's Armour Shoppe.
  4183 | D:6      | Reached XP level 9. HP: 56/57 MP: 11/11
  4793 | D:7      | Reached ** piety under Makhleb
  4794 | D:7      | Reached skill level 9 in Axes
  5210 | D:7      | Found a shimmering altar of Xom.
  5830 | D:7      | HP: 2/58 [something (5)]
  5831 | D:7      | Slain by a sky beast

Illustrated notes

Levels and vault maps discovered:
D:1:      elethiomel_arrival_maze, layout_loops_ring
D:2:      layout_rooms, shapermc_ecumenical_altar_gd
D:3:      layout_basic, nicolae_overflow_two_pavilions, uniq_natasha,
          uniq_sigmund
D:4:      layout_rooms, grunt_dithmenos_smoke_and_mirrors,
          minmay_temple_entry_ruins, serial_shops, nicolae_shop_rolled_up,
          kennysheep_mini, nicolae_take_the_stairs
D:5:      layout_basic, hellmonk_okawaru_the_only_friend_you_need,
          chequers_serial_rivers_marsh
D:6:      layout_rooms, serial_shops, nicolae_shop_tiny_statue_garden,
          serial_bayou_pond_e, minmay_crossroads, uniq_duvessa
D:7:      layout_layer_cave, xom_teletrap_fun, wad_rectangle_vault
Temple:   cyrus_circular_temple

Skill      XL: |  1  2  3  4  5  6  7  8  9 |
---------------+----------------------------+-----
Axes           | 3 4 6 7 8 9 |  9.6
Shields        | 4 5 7 8 |  8.4
Invocations    | 1 2 3 |  3.7
Fighting       | |  3.9
Dodging        | |  3.0

Action                     |  1- 3 |  4- 6 |  7- 9 || total
---------------------------+-------+-------+-------++-------
  Melee: War axe           |    58 |    48 |   237 ||   343
         Constrict         |    11 |    11 |    42 ||    64
         Tentacles         |     8 |     9 |    52 ||    69
         Punch             |       |     1 |     4 ||     5
  Throw: Dart              |       |     2 |     4 ||     6
  Evoke: Wand              |       |       |     3 ||     3
    Use: Scroll            |       |       |     5 ||     5
         Potion            |       |       |     3 ||     3
   Stab: Sleeping          |     7 |     3 |     6 ||    16
         Distracted        |       |     1 |       ||     1
 Armour: Skin              |    14 |    13 |   101 ||   128
  Dodge: Dodged            |    15 |     8 |    48 ||    71
  Block: Buckler           |     7 |       |       ||     7
         Tower shield      |    25 |    55 |   310 ||   390
         Reflection        |       |       |    10 ||    10

Table legend: (Time is in decaauts)
 A = Elapsed time spent in this place.
 B = Non-inter-level travel time spent in this place.
 C = Inter-level travel time spent in this place.
 D = Time resting spent in this place.
 E = Time spent auto-exploring this place.
 F = Levels seen in this place.
 G = Mean time per level.
                   A        B        C        D        E       F      G
               +--------+--------+--------+--------+--------+-----+--------+
         Total |   6007 |   5760 |    247 |   1125 |   3180 |   8 |  750.9 |
       Dungeon |   5976 |   5736 |    240 |   1125 |   3180 |   7 |  853.7 |
        Temple |     30 |     23 |      7 |      0 |      0 |   1 |   30.0 |
               +--------+--------+--------+--------+--------+-----+--------+

Top non-repeatable levels by time:
     D:6: 1100 daAuts
     D:7: 987 daAuts
     D:5: 976 daAuts
     D:3: 900 daAuts
     D:1: 820 daAuts
     D:4: 629 daAuts
     D:2: 561 daAuts
  Temple: 30 daAuts
